 Dungeon Crawl Stone Soup version 0.24-a0-549-g45f0056d81 (webtiles) character file.

Game seed: 9029915499067315520

703790 Kae the Merfolkian Porcupine (level 27, -6/273 HPs)
             Began as a Merfolk Gladiator on Aug 14, 2019.
             Was the Champion of Makhleb.
             Mangled by an Orb Guardian (10 damage)
             ... on level 5 of the Realm of Zot on Aug 19, 2019.
             The game lasted 02:10:22 (77037 turns).

Kae the Merfolkian Porcupine (Merfolk Gladiator)   Turns: 77037, Time: 02:10:23

Health: -6/273     AC: 43    Str: 27    XL:     27
Magic:  37/37      EV: 20    Int:  8    God:    Makhleb [******]
Gold:   6992       SH:  0    Dex: 16    Spells: 29/31 levels left

rFire    + + .     SeeInvis +   a - +8 glaive of the Guard {elec, +Rage AC+5 SInv}
rCold    + . .     Gourm    .   (shield currently unavailable)
rNeg     . . .     Faith    .   L - +14 crystal plate armour
rPois    +         Spirit   .   (no helmet)
rElec    .         Reflect  .   H - scarf {rC+ rF+}
rCorr    +         Harm     .   X - +1 pair of gloves of Generosity {MR+}
MR       +++++                  w - +1 pair of boots {Fly}
Stlth    ..........             v - amulet of the Salamander {+Blink MR+ Regen+}
HPRegen  0.95/turn              g - ring of Tiowuikk {Fire MR+ Slay+5}
MPRegen  0.25/turn              R - ring of Yjaish {+Fly rPois rC+ rCorr Str+3}

@: berserk cooldown, flying, studying Short Blades
A: change form in water, swift swim, stealthy swim, deformed body, mutation
resistance 1, robust 1, weak 1, subdued magic 1
}: 3/15 runes: serpentine, barnacled, silver
a: Minor Destruction, Lesser Servant of Makhleb, Major Destruction, Greater
Servant of Makhleb, Renounce Religion, Evoke Blink, Evoke Berserk Rage, Stop
Flying


You were on level 5 of the Realm of Zot.
You worshipped Makhleb.
Makhleb was exalted by your worship.
You were hungry.

You visited 11 branches of the dungeon, and saw 53 of its levels.
You visited the Abyss 1 time.
You also visited: Ossuary, Ice Cave and Desolation.

You collected 8787 gold pieces.
You spent 1795 gold pieces at shops.

Inventory:

Hand Weapons
 a - the +8 glaive of the Guard (weapon) {elec, +Rage AC+5 SInv}
   (You found it on level 3 of the Crypt)

   Occasionally, upon striking a foe, it will discharge some electrical energy
   and cause terrible harm.
   It affects your AC (+5).
   It lets you see invisible.
   It lets you go berserk.
 b - a +9 bardiche of electrocution
 c - a +7 glaive of flaming
Missiles
 d - 24 throwing nets (quivered)
Armour
 w - a +1 pair of boots of flying (worn)
 H - a scarf of resistance (worn)
 L - a +14 crystal plate armour (worn)
 X - the +1 pair of gloves of Generosity (worn) {MR+}
   (You found it on level 5 of the Lair of Beasts)

   It affects your resistance to hostile enchantments.
Jewellery
 e - the ring "Yrautrea" {Ice +Fly rPois rN+ SInv}
   (You found it in the Desolation of Salt)

   [ring of ice]

   It enhances your ice magic.
   It makes you vulnerable to fire.
   It protects you from cold.
   It protects you from poison.
   It protects you from negative energy.
   It lets you see invisible.
   It lets you fly.
 g - the ring of Tiowuikk (left hand) {Fire MR+ Slay+5}
   (You found it on level 2 of the Depths)

   [ring of fire]

   It enhances your fire magic.
   It affects your accuracy and damage with ranged weapons and melee attacks
   (+5).
   It protects you from fire.
   It makes you vulnerable to cold.
   It affects your resistance to hostile enchantments.
 q - an uncursed amulet of guardian spirit
 r - an uncursed ring of protection from magic
 v - the amulet of the Salamander (around neck) {+Blink MR+ Regen+}
   (You found it on level 3 of the Crypt)

   [amulet of regeneration]

   It affects your resistance to hostile enchantments.
   It lets you blink.
   It increases your rate of regeneration.
 C - an uncursed ring of protection from fire
 F - an uncursed ring of see invisible
 M - an uncursed ring of positive energy
 R - the ring of Yjaish (right hand) {+Fly rPois rC+ rCorr Str+3}
   (You found it on level 5 of the Vaults)

   [ring of resist corrosion]

   It affects your strength (+3).
   It protects you from cold.
   It protects you from poison.
   It lets you fly.
   It provides partial protection from all sources of acid and corrosion.
Wands
 i - a wand of polymorph (23)
 j - a wand of flame (6)
 E - a wand of scattershot (6)
 G - a wand of digging (5)
 I - a wand of acid (37)
 N - a wand of iceblast (15)
 T - a wand of clouds (3)
Scrolls
 h - 16 scrolls of teleportation
 k - 2 scrolls of silence
 l - 3 scrolls of summoning
 m - 28 scrolls of remove curse
 u - 6 scrolls of fear
 A - a scroll of amnesia
 B - 2 scrolls of blinking
 Q - 8 scrolls of identify
 V - 6 scrolls of fog
Potions
 n - 6 potions of ambrosia
 o - 8 potions of resistance
 p - 23 potions of curing
 s - 9 potions of lignification
 t - 9 potions of haste
 x - 11 potions of brilliance
 y - 3 potions of invisibility
 z - 3 potions of berserk rage
 D - 8 potions of agility
 K - 5 potions of heal wounds
 O - 8 potions of mutation
 S - 3 potions of magic
 U - 7 potions of cancellation
 W - 5 potions of might
Books
 Z - a manual of Short Blades
Comestibles
 f - 88 rations


   Skills:
 O Level 27 Fighting
 O Level 27 Polearms
 - Level 8.0 Throwing
 + Level 18.2 Armour
 + Level 25.0 Dodging
 - Level 3.9 Stealth
 - Level 2.9 Spellcasting
 - Level 15.0 Ice Magic
 - Level 20.7 Invocations
 - Level 8.0 Evocations


You had 29 spell levels left.
You knew the following spells:

 Your Spells              Type           Power        Failure   Level  Hunger
a - Ensorcelled Hibernat  Hex/Ice        ##....       30%         2    ###....

Your spell library contained the following spells:

 Spells                   Type           Power        Failure   Level  Hunger
 Freeze                   Ice            ###.         1%          1    ##.....
 Throw Frost              Conj/Ice       ##....       30%         2    ###....
 Ozocubu's Armour         Chrm/Ice       ##......     52%         3    ####...
 Ice Form                 Ice/Tmut       ##......     90%         4    #####..
 Summon Ice Beast         Ice/Summ       ##......     90%         4    #####..
 Throw Icicle             Conj/Ice       ##......     90%         4    #####..
 Animate Skeleton         Necr           N/A          99%         1    ##.....
 Apportation              Tloc           #.....       99%         1    ##.....
 Beastly Appendage        Tmut           #.....       99%         1    ##.....
 Confusing Touch          Hex            #.....       99%         1    ##.....
 Corona                   Hex            #......      99%         1    ##.....
 Flame Tongue             Conj/Fire      #....        99%         1    ##.....
 Magic Dart               Conj           #...         99%         1    ##.....
 Pain                     Necr           #...         99%         1    ##.....
 Sandblast                Erth           #.....       99%         1    ##.....
 Shock                    Conj/Air       #...         99%         1    ##.....
 Summon Butterflies       Summ           #.......     99%         1    ##.....
 Summon Small Mammal      Summ           #...         99%         1    ##.....
 Call Imp                 Summ           #.......     100%        2    ###....
 Corpse Rot               Necr           N/A          100%        2    ###....
 Passwall                 Tmut/Erth      #.......     100%        2    ###....
 Searing Ray              Conj           #.....       100%        2    ###....
 Slow                     Hex            #.......     100%        2    ###....
 Sticks to Snakes         Tmut           #.......     100%        2    ###....
 Sublimation of Blood     Necr           #.........   100%        2    ###....
 Swiftness                Chrm/Air       #.......     100%        2    ###....
 Throw Flame              Conj/Fire      #.....       100%        2    ###....
 Call Canine Familiar     Summ           #.......     100%        3    ####...
 Confuse                  Hex            #.......     100%        3    ####...
 Dazzling Spray           Conj/Hex       #.....       100%        3    ####...
 Ignite Poison            Fire/Tmut/Pois #.......     100%        3    ####...
 Inner Flame              Hex/Fire       #.......     100%        3    ####...
 Lesser Beckoning         Tloc           #.........   100%        3    ####...
 Portal Projectile        Hex/Tloc       #.....       100%        3    ####...
 Regeneration             Chrm/Necr      #.........   100%        3    ####...
 Spider Form              Tmut/Pois      #.........   100%        3    ####...
 Static Discharge         Conj/Air       #.......     100%        3    ####...
 Stone Arrow              Conj/Erth      #.....       100%        3    ####...
 Summon Guardian Golem    Hex/Summ       #.......     100%        3    ####...
 Tukima's Dance           Hex            #.......     100%        3    ####...
 Vampiric Draining        Necr           #.........   100%        3    ####...
 Airstrike                Air            #.........   100%        4    #####..
 Animate Dead             Necr           N/A          100%        4    #####..
 Cause Fear               Hex            #.........   100%        4    #####..
 Force Lance              Conj/Tloc      #.......     100%        4    #####..
 Fulminant Prism          Conj/Hex       #.........   100%        4    #####..
 Iskenderun's Mystic Bla  Conj           #.......     100%        4    #####..
 Leda's Liquefaction      Hex/Erth       #.........   100%        4    #####..
 Passage of Golubria      Tloc           N/A          100%        4    #####..
 Petrify                  Tmut/Erth      #.......     100%        4    #####..
 Summon Lightning Spire   Summ/Air       #.......     100%        4    #####..
 Agony                    Necr           #.......     100%        5    ######.
 Alistair's Intoxication  Tmut/Pois      #.......     100%        5    ######.
 Blade Hands              Tmut           #.........   100%        5    ######.
 Bolt of Draining         Conj/Necr      #.........   100%        5    ######.
 Bolt of Magma            Conj/Fire/Erth #.........   100%        5    ######.
 Dispel Undead            Necr           #.......     100%        5    ######.
 Excruciating Wounds      Chrm/Necr      #.........   100%        5    ######.
 Fireball                 Conj/Fire      #.........   100%        5    ######.
 Irradiate                Conj/Tmut      #.........   100%        5    ######.
 Iskenderun's Battlesphe  Conj/Chrm      #.......     100%        5    ######.
 Lee's Rapid Deconstruct  Erth           #.........   100%        5    ######.
 Lightning Bolt           Conj/Air       #.........   100%        5    ######.
 Summon Demon             Summ           #.........   100%        5    ######.
 Venom Bolt               Conj/Pois      #.........   100%        5    ######.
 Bolt of Fire             Conj/Fire      #.........   100%        6    #######
 Darkness                 Hex            #.........   100%        6    #######
 Deflect Missiles         Chrm/Air       #.........   100%        6    #######
 Hydra Form               Tmut           #.........   100%        6    #######
 Invisibility             Hex            #.......     100%        6    #######
 Iron Shot                Conj/Erth      #.........   100%        6    #######
 Poison Arrow             Conj/Pois      #.........   100%        6    #######
 Shadow Creatures         Summ           N/A          100%        6    #######
 Statue Form              Tmut/Erth      #........    100%        6    #######
 Dragon Form              Tmut           #.........   100%        7    #######
 Malign Gateway           Summ/Tloc      #.........   100%        7    #######
 Monstrous Menagerie      Summ           #.........   100%        7    #######
 Orb of Destruction       Conj           #.........   100%        7    #######
 Ring of Flames           Chrm/Fire      #.........   100%        7    #######
 Spellforged Servitor     Conj/Summ      #.........   100%        7    #######
 Summon Greater Demon     Summ           #.........   100%        7    #######
 Chain Lightning          Conj/Air       #.........   100%        8    #######
 Death's Door             Chrm/Necr      #.........   100%        8    #######
 Ignition                 Fire           #.........   100%        8    #######
 Lehudib's Crystal Spear  Conj/Erth      #.........   100%        8    #######
 Summon Horrible Things   Summ           #.........   100%        8    #######
 Dragon's Call            Summ           #.........   100%        9    #######
 Fire Storm               Conj/Fire      #.........   100%        9    #######
 Glaciate                 Conj/Ice       ##........   100%        9    #######
 Shatter                  Erth           #.........   100%        9    #######
 Tornado                  Air            #.........   100%        9    #######


Dungeon Overview and Level Annotations

Branches:
Dungeon (15/15)            Temple (1/1) D:6            Lair (6/6) D:9
 Shoals (4/4) Lair:4        Snake (4/4) Lair:3        Slime (0/5) Lair:5
    Orc (2/2) D:9             Elf (3/3) Orc:2        Vaults (5/5) D:13
  Crypt (3/3) Vaults:3       Tomb (0/3) Crypt:3      Depths (5/5) D:15
    Zot (5/5) Depths:5

Altars:
Kikubaaqudgha
Makhleb
Nemelex Xobeh
Qazlal
Sif Muna
Uskayaw
Vehumet
Zin
The Shining One
Beogh
Lugonu

Shops:
D:7 (   D:10 }   D:13 *   D:15 *   Orc:1 (?   Orc:2 *=   Elf:1 :   Shoals:2 (
Shoals:4 *   Snake:2 *   Snake:3 =   Snake:4 }}=   Vaults:1 :   Vaults:2 ?
Vaults:3 (:   Depths:1 ?*=   Depths:5 (

Portals:
Hell: Depths:1 Depths:2 Depths:3 Depths:4 Depths:5
Abyss: Depths:3 Depths:4
Pandemonium: Depths:2 Depths:3
Ziggurat: Depths:1

Annotations:
Depths:3 2 transporters
Zot:5 1 exclusion


Innate Abilities, Weirdness & Mutations

You revert to your normal form in water.
You are very nimble and swift while swimming.
You are very stealthy in the water. (Stealth+)
Armour fits poorly on your strangely shaped body.
You are somewhat resistant to further mutation.
You are robust. (+10% HP)
You are weak. (Str -2)
Your spells are a little easier to cast, but a little less powerful.


Message History

* * * LOW HITPOINT WARNING * * *
The quicksilver dragon breathes dispelling energy at you.
The bolt of dispelling energy misses you.
The Orb Guardian hits you!!
* * * LOW HITPOINT WARNING * * *
The Orb Guardian hits you!
* * * LOW HITPOINT WARNING * * *
Unknown command.
Unknown command.
The quicksilver dragon misses you. x2
The Killer Klown elbows you but does no damage.
The quicksilver dragon bites you but does no damage.
The quicksilver dragon claws you but does no damage.
Unknown command.
Unknown command.
The quicksilver dragon breathes dispelling energy at you.
The bolt of dispelling energy misses you.
The Orb Guardian hits you but does no damage.
The Killer Klown blinks!
The Orb Guardian hits you!
You die...

#.#....##..# ##.# #...
#.........## #.# ##...
#.###.....# ##.####.... #.#
###...# ###...##....# #.#
##..###.....#[...#. ###
##.................
#............#....#
################▓▓▓▓####
*#..^...@XX.p...## *,,,
**.......XD§...^..## **,,
**,........DD.......## *..
*,,..................# *#.
*,,.........[........# #.
*,,..................# *#.
*,,..................# *,,
*,,................^.# **,,
*,,,,/.....(.........#**,,,


You could see a Killer Klown, a golden dragon, a storm dragon, a quicksilver
dragon and 3 Orb Guardians.

Vanquished Creatures
  3 orbs of fire (Zot:5)
  Tiamat (Zot:2)
  Mara (Elf:3)
  3 ancient liches
  A juggernaut (Depths:2)
  Bai Suzhen (Snake:3)
  A caustic shrike (Depths:4)
  4 curse toes
  14 golden dragons
  4 bone dragons
  2 electric golems
  Jorgrun (Snake:2)
  7 Orb Guardians (Zot:5)
  Rupert (Lair:4)
  18 tentacled monstrosities
  6 liches
  2 deep elf master archers (Elf:3)
  7 titans
  3 deep elf blademasters
  A kraken (Shoals:3)
  Asterion (Depths:1)
  5 ancient champions
  5 quicksilver dragons
  Gastronok (D:8)
  A tentacled starspawn (Abyss:2)
  14 death cobs
  4 sphinxes
  9 tengu reavers
  Roxanne (Shoals:4)
  12 storm dragons
  16 shadow dragons
  Donald (Snake:2)
  6 nagarajas
  3 revenants
  10 draconian monks
  11 draconian knights
  12 fire giants
  5 deep elf sorcerers
  15 vault wardens
  4 iron dragons
  5 frost giants
  An orc warlord (Orc:2)
  7 draconian scorchers
  2 ghost moths
  3 imperial myrmidons (Desolation)
  8 deep elf elementalists
  A caustic shrike zombie (Depths:3)
  8 draconian shifters
  3 ghouls (Crypt:1)
  3 curse skulls
  2 spriggan defenders (Depths:4)
  2 draconian stormcallers (Zot:1)
  A reaper (Crypt:3)
  2 caustic shrike skeletons (Crypt:3)
  17 stone giants
  14 very ugly things
  13 vampire knights
  18 ironheart preservers
  A juggernaut skeleton (Depths:3)
  A war gargoyle (Vaults:5)
  6 deep elf demonologists
  9 draconian annihilators
  An ophan (Abyss:2)
  11 black draconians
  2 entropy weavers
  15 green draconians
  9 deep elf annihilators
  10 white draconians
  9 spark wasps
  A lorocyproca (Abyss:2)
  13 purple draconians
  A halazid warlock (Desolation)
  A dire elephant (D:15)
  12 red draconians
  18 yellow draconians
  A spark wasp (shapeshifter) (Vaults:5)
  The ghost of darksquall the Martial Artist, a journeyman GnTm of Hepliaklqana (Lair:4)
  4 blizzard demons
  9 deep elf death magi
  3 eidola
  5 merfolk javelineers
  4 crystal guardians (Desolation)
  The ghost of Ge0ff the Destroyer, a journeyman TeFE of Sif Muna (Shoals:4)
  3 jiangshi (Crypt:2)
  22 yaktaur captains
  15 ettins
  11 fire dragons
  11 deep elf high priests
  18 merfolk impalers
  8 rakshasas
  5 ragged hierophants (Desolation)
  Fannar (Lair:2)
  13 great orbs of eyes
  7 servants of whispers (Desolation)
  6 hydras
  31 vault guards
  Erolcha (D:13)
  9 peacekeepers
  6 spriggan air magi
  4 catoblepae
  8 ice dragons
  13 naga warriors
  3 quicksilver dragon skeletons
  6 centaur warriors
  2 merfolk avatars
  3 merfolk aquamancers
  56 two-headed ogres
  3 satyrs
  19 ogre magi
  2 titan zombies
  8 anacondas
  23 dancing weapons
  9 deep troll earth magi
  10 death yaks
  9 deep troll shamans
  4 death knights
  4 spriggan berserkers
  4 vampire magi
  Urug (Orc:1)
  5 orc high priests
  4 shock serpents
  4 tengu warriors
  18 hell knights
  Sonja (Lair:6)
  8 naga sharpshooters
  2 soul eaters (Crypt:2)
  26 deep elf knights
  6 titan skeletons
  3 shadow wraiths
  A wretched star (Abyss:2)
  A spectral death yak (Lair:4)
  6 large abominations (Abyss:2)
  22 skeletal warriors
  2 ghost moth zombies
  3 iron trolls
  A spatial maelstrom (Abyss:2)
  2 storm dragon skeletons
  5 unseen horrors
  A sixfirhy (Depths:2)
  7 salamander mystics
  6 sea snakes
  A spark wasp zombie (Depths:2)
  A glowing orange brain (Vaults:3)
  A torturous demonspawn (Depths:2)
  28 deep trolls
  A golden dragon zombie (Crypt:2)
  An entropy weaver zombie (Crypt:2)
  3 naga ritualists (Snake:4)
  A kraken simulacrum (Shoals:4)
  A sphinx zombie (Crypt:2)
  8 flayed ghosts
  A gelid demonspawn (Depths:2)
  An anaconda skeleton (Crypt:2)
  A spectral hydra (Lair:4)
  12 orc knights
  19 deep elf archers
  2 wizards
  27 harpies
  12 ironbrand convokers
  3 lindwurms (Snake:4)
  9 phantasmal warriors
  9 necromancers
  4 wolf spiders
  A wolf spider zombie (D:14)
  81 deep elf magi
  2 human zombies (Vaults:2)
  5 mana vipers
  8 orc sorcerers
  A lindwurm (shapeshifter) (Vaults:4)
  2 shadow dragon skeletons
  2 worldbinders (Abyss:2)
  2 stone giant zombies (Crypt:2)
  48 ugly things
  A shining eye (shapeshifter) (Depths:2)
  3 iron dragon skeletons (Crypt:3)
  12 manticores
  21 moths of wrath
  13 fauns
  10 cyclopes
  A cyclops (shapeshifter) (Depths:3)
  A stone giant skeleton (Crypt:2)
  8 salamanders
  A frost giant zombie (Crypt:1)
  Maurice (D:11)
  22 black mambas
  2 frost giant skeletons (Crypt:3)
  A dire elephant zombie (Crypt:2)
  2 apocalypse crabs (Abyss:2)
  4 water nymphs
  2 ice statues (IceCv)
  15 merfolk sirens
  19 elephants
  12 vault sentinels
  Joseph (D:7)
  2 black mambas (shapeshifter) (Vaults:3)
  3 fire giant skeletons
  An eye of devastation (shapeshifter) (Vaults:5)
  An eye of devastation (Lair:5)
  3 centaur skeletons
  2 orange demons (Abyss:2)
  2 smoke demons (Abyss:2)
  13 guardian serpents
  24 naga magi
  A sea snake zombie (Crypt:3)
  A gargoyle (D:12)
  2 rime drakes
  2 torpor snails
  14 spiny frogs
  A kobold demonologist (Depths:3)
  11 freezing wraiths
  A catoblepas zombie (Crypt:3)
  2 komodo dragons (shapeshifter)
  A minotaur zombie (Crypt:1)
  3 komodo dragons
  A demonic crawler (Abyss:2)
  54 yaktaurs
  A minotaur skeleton (Crypt:3)
  15 ice devils
  2 ancient zymes (Abyss:2)
  A queen bee (Lair:2)
  A troll (shapeshifter) (Vaults:5)
  8 wind drakes
  A harpy skeleton (Crypt:3)
  5 tengu conjurers
  A jumping spider (shapeshifter) (Depths:5)
  9 trolls
  29 merfolk
  35 saltlings (Desolation)
  A tengu simulacrum (Vaults:2)
  A bog body (Crypt:1)
  3 hornets
  A polar bear (Lair:6)
  Prince Ribbit (D:7)
  An alligator zombie (Crypt:2)
  30 slime creatures
  22 blink frogs
  An ice dragon zombie (Crypt:2)
  A death drake skeleton (Crypt:2)
  14 snapping turtles
  14 dream sheep
  A stone giant simulacrum (Depths:2)
  2 ettin zombies
  9 hippogriffs
  A snapping turtle (shapeshifter) (Vaults:5)
  5 flying skulls
  3 ice dragon skeletons
  5 vampires
  15 water elementals
  3 shadows
  A fire dragon skeleton (Crypt:3)
  3 air elementals (Elf:2)
  A tarantella (Vaults:3)
  A wyvern (D:10)
  An alligator skeleton (Crypt:2)
  7 ettin skeletons
  A spriggan (D:7)
  Sigmund (D:6)
  A centaur simulacrum (D:14)
  A black mamba zombie (Crypt:2)
  13 wraiths
  4 redbacks
  2 tarantellas (shapeshifter)
  57 yaks
  4 basilisks
  A spectral komodo dragon (Lair:4)
  A yak (shapeshifter) (Vaults:1)
  4 hungry ghosts
  A neqoxec (Abyss:2)
  A yaktaur simulacrum (Vaults:2)
  3 fire elementals
  Eustachio (D:5)
  11 wargs
  2 vampire mosquitoes (D:12)
  2 spatial vortices (Abyss:2)
  3 acid dragons
  A merfolk zombie (Crypt:3)
  46 nagas
  12 water moccasins
  A swamp worm (shapeshifter) (Shoals:2)
  A gelid demonspawn skeleton (Crypt:1)
  6 porcupines
  Duvessa (D:7)
  A floating eye (Depths:4)
  A merfolk skeleton (Crypt:2)
  A floating eye (shapeshifter) (Depths:2)
  3 black bears
  2 spiny frog skeletons
  48 orc warriors
  4 ice beasts
  6 sky beasts
  A swamp dragon zombie (Crypt:2)
  3 eyes of draining
  3 necrophages
  2 phantoms
  2 black mamba simulacra (Lair:4)
  4 boggarts
  16 wolves
  A blink frog skeleton (Crypt:3)
  49 ogres
  2 snapping turtle skeletons
  12 centaurs
  2 human skeletons (Vaults:2)
  10 crocodiles
  An elf simulacrum (Vaults:1)
  A big kobold (shapeshifter) (Vaults:3)
  4 big kobolds
  2 earth elementals
  15 bullfrogs
  Dowan (D:7)
  4 gnoll sergeants
  2 warg zombies
  2 wyvern skeletons (D:13)
  4 water moccasin zombies (Ossuary)
  4 small abominations
  6 scorpions
  22 wights
  18 killer bees (Lair:2)
  A dream sheep simulacrum (Lair:4)
  A raiju zombie (Crypt:1)
  An electric eel (Lair:5)
  A troll skeleton (Crypt:3)
  A torpor snail simulacrum (Lair:4)
  10 howler monkeys
  8 crimson imps
  16 starcursed masses (Abyss:2)
  A wolf skeleton (Crypt:1)
  3 gnoll shamans
  5 jellies
  29 orc wizards
  35 orc priests
  4 bullfrog skeletons
  20 hounds
  An iron imp (Abyss:2)
  2 hell rats (Lair:1)
  7 iguanas
  16 worker ants
  2 big kobold zombies (Ossuary)
  A dwarf skeleton (Crypt:1)
  An ogre skeleton (Crypt:2)
  A hound zombie (D:5)
  3 mummies
  2 hound skeletons
  A howler monkey skeleton (Crypt:1)
  37 gnolls
  12 adders
  6 river rats (Lair:1)
  A swamp drake zombie (Crypt:3)
  4 shadow imps
  7 white imps
  7 ufetubi (IceCv)
  2 oozes
  3 adder zombies (Ossuary)
  An iguana zombie (Crypt:3)
  An adder skeleton (D:10)
  2 worms
  7 leopard geckos
  126 orcs
  A ball python (D:2)
  9 giant cockroaches
  3 gnoll zombies (Ossuary)
  13 goblins
  3 hobgoblins
  18 jackals
  5 quokkas
  7 bats
  3 frilled lizards
  A frilled lizard skeleton (Crypt:2)
  A frilled lizard zombie (Crypt:2)
  A hobgoblin zombie (Ossuary)
  A jackal skeleton (D:7)
  12 kobolds
  10 kobold zombies
  7 orc zombies (Ossuary)
  8 rats
  2 crawling corpses (Elf:3)
  2 plants
  2 tentacles (Shoals:4)
2757 creatures vanquished.

Vanquished Creatures (collateral kills)
  A tentacled monstrosity (Vaults:5)
  Josephine (Orc:1)
  A great orb of eyes (Depths:5)
  2 hydras
  4 anacondas (Snake:4)
  A satyr (Shoals:3)
  A spriggan berserker (Depths:2)
  A deep troll earth mage (Depths:5)
  A shock serpent (Snake:4)
  A lindwurm (Snake:4)
  An orc knight (Vaults:5)
  A wizard (Depths:2)
  A mana viper (Snake:4)
  An elephant (Lair:6)
  A moth of wrath (Zot:2)
  2 guardian serpents (Snake:4)
  2 black mambas (Snake:4)
  2 naga magi (Snake:4)
  A centaur skeleton (D:13)
  A spiny frog (Lair:6)
  3 yaks
  An ettin skeleton (Vaults:2)
  2 wraiths (Orc:1)
  A porcupine (Lair:2)
  An ogre (Orc:1)
  A boggart (Depths:1)
  4 wolves (Lair:3)
  A human skeleton (Vaults:2)
  6 killer bees (Lair:2)
  2 orc priests (Orc:1)
  3 orc wizards (Orc:1)
  3 orcs (Orc:1)
  A kobold (D:13)
56 creatures vanquished.

Vanquished Creatures (others)
  A juggernaut (Depths:1)
  A draconian knight (Zot:4)
  A peacekeeper (Desolation)
  A spriggan berserker (Depths:2)
  A naga ritualist (Snake:4)
  A water nymph (Shoals:4)
  A saltling (Desolation)
  A boggart (Depths:1)
  An orc priest (Orc:2)
  An orc wizard (Orc:1)
  2 white imps (IceCv)
  2 ufetubi (IceCv)
  2 orcs
  A fire vortex (Snake:4)
  5 fungi
  10 plants
  2 starspawn tentacles (Abyss:2)
  12 tentacles
46 creatures vanquished.

Grand Total: 2859 creatures vanquished

Notes
Turn   | Place    | Note
-------+----------+-------------------------------------------
     0 | D:1      | Kae the Merfolk Gladiator began the quest for the Orb.
     0 | D:1      | Reached XP level 1. HP: 16/16 MP: 1/1
   186 | D:1      | Reached skill level 5 in Polearms
   186 | D:1      | Reached XP level 2. HP: 15/22 MP: 2/2
   734 | D:2      | Reached XP level 3. HP: 27/27 MP: 3/3
   770 | D:2      | Found a faded altar of an unknown god.
   875 | D:2      | Found an ancient bone altar of Kikubaaqudgha.
   907 | D:2      | Reached XP level 4. HP: 17/33 MP: 4/4
  1189 | D:2      | Found a sparkling altar of Nemelex Xobeh.
  2003 | D:3      | Reached XP level 5. HP: 37/38 MP: 5/5
  2624 | D:4      | Reached XP level 6. HP: 44/44 MP: 6/6
  2776 | D:4      | Noticed a sky beast
  2799 | D:4      | Killed a sky beast
  2799 | D:4      | Reached skill level 5 in Dodging
  3089 | D:4      | Reached skill level 10 in Polearms
  3265 | D:4      | Reached XP level 7. HP: 50/50 MP: 7/7
  3426 | D:5      | Entered Level 5 of the Dungeon
  3461 | D:5      | Noticed Eustachio
  3758 | D:5      | Killed Eustachio
  3758 | D:5      | Reached XP level 8. HP: 33/56 MP: 8/8
  4538 | D:6      | Found a sand-covered staircase.
  4584 | D:6      | Found a staircase to the Ecumenical Temple.
  4621 | Temple   | Entered the Ecumenical Temple
  4660 | Temple   | Became a worshipper of Makhleb the Destroyer
  4709 | Ossuary  | Entered an ossuary
  5049 | Ossuary  | Reached * piety under Makhleb
  5557 | D:6      | Reached XP level 9. HP: 65/65 MP: 9/9
  5562 | D:6      | Noticed Sigmund
  5580 | D:6      | Killed Sigmund
  5929 | D:6      | Found a glowing silver altar of Zin.
  6011 | D:6      | Reached ** piety under Makhleb
  6011 | D:6      | Reached skill level 5 in Fighting
  6484 | D:7      | Noticed Dowan
  6488 | D:7      | Noticed Duvessa
  6493 | D:7      | Noticed Joseph
  6508 | D:7      | Killed Duvessa
  6533 | D:7      | Killed Dowan
  6554 | D:7      | Noticed Prince Ribbit
  6560 | D:7      | Killed Joseph
  6580 | D:7      | Killed Prince Ribbit
  6586 | D:7      | Reached XP level 10. HP: 30/80 MP: 3/10
  6858 | D:7      | Noticed a +0 hand axe
  6858 | D:7      | Noticed a +0 hand axe
  6859 | D:7      | Found a hide-covered altar of Uskayaw.
  6883 | D:7      | Reached skill level 10 in Dodging
  6911 | D:7      | Found Xeifud's Antique Weapon Boutique.
  6916 | D:7      | Reached skill level 1 in Invocations
  6938 | D:7      | Bought a runed glaive for 180 gold pieces
  7506 | D:8      | Reached *** piety under Makhleb
  7520 | D:8      | Reached skill level 5 in Invocations
  7579 | D:8      | Noticed a two-headed ogre
  7596 | D:8      | Killed a two-headed ogre
  7658 | D:8      | Noticed a two-headed ogre
  7670 | D:8      | Killed a two-headed ogre
  7710 | D:8      | Noticed Gastronok
  8024 | D:8      | Reached skill level 1 in Evocations
  8208 | D:9      | Reached XP level 11. HP: 86/86 MP: 17/17
  8537 | D:9      | Reached skill level 5 in Evocations
  8870 | D:9      | Found a staircase to the Lair.
  8918 | D:9      | Reached **** piety under Makhleb
  9208 | D:9      | Found a staircase to the Orcish Mines.
  9279 | D:9      | Found a stormy altar of Qazlal.
  9413 | D:9      | Identified a scroll of acquirement
  9485 | D:8      | Killed Gastronok
  9485 | D:8      | Reached skill level 15 in Polearms
  9665 | Lair:1   | Entered Level 1 of the Lair of Beasts
 10824 | Lair:2   | Reached XP level 12. HP: 41/93 MP: 12/18
 11177 | Lair:2   | Noticed Fannar
 11194 | Lair:2   | Killed Fannar
 11480 | Lair:2   | You fall into a shaft and drop 1 floor!
 11744 | Lair:3   | Noticed a seven-headed hydra
 11753 | Lair:3   | Killed a seven-headed hydra
 12013 | Lair:3   | Found a staircase to the Snake Pit.
 12483 | Lair:3   | Reached ***** piety under Makhleb
 12922 | Lair:4   | Noticed Rupert
 12924 | Lair:4   | Paralysed by Rupert for 7 turns
 13609 | Lair:4   | Reached skill level 1 in Armour
 13738 | Lair:4   | Found a staircase to the Shoals.
 13869 | Lair:4   | Found a runed translucent gate.
 13870 | Lair:4   | Found a runed translucent gate.
 13871 | Lair:4   | Found a runed translucent gate.
 13872 | Lair:4   | Noticed darksquall's ghost (journeyman GnTm)
 14308 | D:10     | Entered Level 10 of the Dungeon
 14375 | D:10     | Found a glowing silver altar of Zin.
 14494 | D:10     | Noticed a two-headed ogre
 14514 | D:10     | Killed a two-headed ogre
 14523 | D:10     | Reached XP level 13. HP: 101/101 MP: 15/19
 14905 | D:10     | Found the +3 hat of Pondering {ponderous, MR+ MP+10 Int+5}
 14939 | D:10     | Identified the +2 quarterstaff "Pecva" {freeze, *Drain
                  | Dex+7}
 15257 | D:10     | Found Peymin's Gadget Shop.
 15759 | Lair:4   | Got a pair of steaming boots
 15765 | Lair:4   | Identified the cursed -4 pair of boots of Impatience {Str+2
                  | Int+8} (You found it on level 4 of the Lair of Beasts)
 15921 | Lair:4   | Killed Rupert
 15921 | Lair:4   | Reached skill level 10 in Fighting
 16419 | Lair:5   | Got a pair of scorched gloves
 16430 | Lair:5   | Identified the +1 pair of gloves of Generosity {MR+} (You
                  | found it on level 5 of the Lair of Beasts)
 16625 | Lair:5   | Found a staircase to the Slime Pits.
 16668 | Lair:5   | Reached skill level 5 in Armour
 17328 | Lair:6   | Entered Level 6 of the Lair of Beasts
 17952 | Lair:6   | Reached skill level 10 in Invocations
 18069 | Lair:6   | Reached XP level 14. HP: 93/110 MP: 21/21
 18136 | Lair:6   | Reached ****** piety under Makhleb
 19743 | Lair:6   | Noticed Sonja
 19754 | Lair:6   | Killed Sonja
 21125 | D:11     | Noticed Maurice
 21136 | D:11     | Killed Maurice
 21136 | D:11     | Reached XP level 15. HP: 109/125 MP: 19/24
 21207 | D:11     | Got a shimmering leather armour
 21218 | D:11     | Identified the +1 leather armour "Vesh" {rN+++ MR+ Int-5}
                  | (You found it on level 11 of the Dungeon)
 21582 | D:12     | Identified the +7 mace of Subjectivity {venom, *Rage MR++
                  | Int+4}
 22010 | D:13     | Reached skill level 15 in Fighting
 22058 | D:13     | Noticed Erolcha
 22117 | D:13     | Killed Erolcha
 22398 | D:13     | Found a gate to the Vaults.
 22572 | D:13     | Found Muqadek's Assorted Antiques.
 22580 | D:13     | Bought a scroll labeled TAYCA HIUMOU for 31 gold pieces
 22580 | D:13     | Bought a dented citrine amulet for 155 gold pieces
 22948 | Orc:1    | Entered Level 1 of the Orcish Mines
 22948 | Orc:1    | Noticed Josephine
 22967 | Orc:1    | Found Cesoh's Magic Scroll Shop.
 22967 | Orc:1    | Killed Josephine
 22978 | Orc:1    | Noticed Urug
 23262 | Orc:1    | Killed Urug
 23298 | Orc:1    | Bought 3 scrolls of identify for 96 gold pieces
 23298 | Orc:1    | Bought a scroll of identify for 32 gold pieces
 23606 | Orc:1    | Found Jarut's Weapon Shop.
 23668 | Orc:2    | Entered Level 2 of the Orcish Mines
 23797 | Orc:2    | Found Imeyni's Assorted Antiques.
 23940 | Orc:2    | Found Ubbar's Antique Weapon Boutique.
 24351 | Orc:2    | Found a roughly hewn altar of Beogh.
 25047 | Orc:2    | Found a staircase to the Elven Halls.
 25081 | Orc:2    | Identified the ring of Trepidation {rElec rPois Str+7 Dex+2
                  | Slay-3}
 25268 | Orc:2    | Noticed an orc warlord
 25310 | Orc:2    | Killed an orc warlord
 25312 | Orc:2    | Reached XP level 16. HP: 113/136 MP: 18/25
 25338 | Orc:2    | Found a roughly hewn altar of Beogh.
 25353 | Orc:2    | Found Egruz's Assorted Antiques.
 25689 | Orc:2    | Bought a fine chain mail for 275 gold pieces
 25824 | Orc:2    | Found Pebege's Jewellery Emporium.
 26548 | Orc:2    | Identified the +3 chain mail of Fallyoff {+Blink rPois
                  | Str-2 Dex+5} (You bought it in a shop on level 2 of the
                  | Orcish Mines)
 26753 | D:7      | Got a twisted ring mail
 26754 | D:7      | Identified the +5 ring mail "Iduagibe" {*Contam +Fly Str+4
                  | Dex+3} (You found it on level 7 of the Dungeon)
 27326 | D:14     | Found a burning altar of Makhleb.
 27843 | D:15     | Entered Level 15 of the Dungeon
 27965 | D:15     | Found a shimmering blue altar of Sif Muna.
 27980 | D:15     | Found Jonoiw Cug's Demolitions Depot.
 28436 | D:15     | Found a staircase to the Depths.
 28969 | Shoals:1 | Entered Level 1 of the Shoals
 31097 | Shoals:2 | Reached XP level 17. HP: 139/142 MP: 23/26
 31296 | Shoals:2 | Found Kuywyask's Antique Weapon Boutique.
 31700 | Shoals:3 | Noticed a kraken
 31831 | Shoals:3 | Found a runed translucent door.
 32515 | Shoals:3 | Killed a kraken
 32952 | Shoals:3 | Identified the +6 war axe of Victory {chop, Fragile +Blink
                  | rElec rPois}
 32970 | Shoals:4 | Entered Level 4 of the Shoals
 33190 | Shoals:4 | Noticed Roxanne
 33477 | Shoals:4 | Found Gaciumm's Assorted Antiques.
 33536 | Shoals:4 | Bought a scroll of magic mapping for 108 gold pieces
 33579 | Shoals:4 | Found a large runed translucent door.
 33579 | Shoals:4 | Found a large runed translucent door.
 33583 | Shoals:4 | Noticed Ge0ff's ghost (journeyman TeFE)
 33993 | Shoals:4 | Got a barnacled rune of Zot
 34713 | D:9      | Learned a level 2 spell: Ensorcelled Hibernation
 34977 | Snake:1  | Entered Level 1 of the Snake Pit
 35249 | Snake:1  | Reached skill level 10 in Armour
 35249 | Snake:1  | Reached XP level 18. HP: 131/149 MP: 11/27
 36355 | Snake:2  | Noticed Donald
 36372 | Snake:2  | Killed Donald
 36721 | Snake:2  | Noticed Jorgrun
 36732 | Snake:2  | Killed Jorgrun
 36802 | Snake:2  | Reached skill level 15 in Dodging
 36874 | Snake:2  | Found Weybagux's Assorted Antiques.
 37035 | Snake:3  | Found Lienar's Jewellery Shop.
 37253 | Snake:3  | Noticed Bai Suzhen
 37268 | Snake:3  | Killed Bai Suzhen
 37474 | Snake:3  | Found the +7 mace of Variability {chain chaos}
 37653 | Snake:4  | Entered Level 4 of the Snake Pit
 38203 | Snake:4  | Found Rukhloqa's Gadget Emporium.
 38233 | Snake:4  | Found Yviunt's Jewellery Boutique.
 38234 | Snake:4  | Found Baakhlemu's Gadget Emporium.
 38309 | Snake:4  | Reached skill level 5 in Throwing
 38839 | Snake:4  | Reached XP level 19. HP: 153/155 MP: 28/28
 39981 | Snake:4  | Reached XP level 20. HP: 158/166 MP: 29/29
 39984 | Snake:4  | Got a serpentine rune of Zot
 40335 | Vaults:1 | Entered Level 1 of the Vaults
 40551 | Vaults:1 | Found Niqoegre's Book Boutique.
 42031 | Vaults:2 | Found Hexorph's Magic Scroll Shoppe.
 42907 | Vaults:2 | Reached XP level 21. HP: 171/180 MP: 27/30
 43508 | Vaults:3 | Found Xunuen's Book Shoppe.
 43544 | Vaults:3 | Found a staircase to the Crypt.
 43552 | Vaults:3 | Reached skill level 1 in Ice Magic
 43896 | Vaults:3 | Reached skill level 5 in Ice Magic
 44656 | Vaults:3 | Reached skill level 10 in Ice Magic
 45087 | Vaults:3 | Found Uboexookh's Antique Weapon Shoppe.
 45628 | Vaults:4 | Reached XP level 22. HP: 166/188 MP: 22/31
 45919 | Vaults:4 | Paralysed by a chaos spawn for 5 turns
 45925 | Vaults:4 | HP: 8/188 [deep elf mage/bolt of lightning[an ironheart
                  | preserver] (9)]
 46652 | Vaults:4 | Reached skill level 15 in Ice Magic
 47290 | Vaults:4 | Gained mutation: Your spells are a little easier to cast,
                  | but a little less powerful. [potion of mutation]
 47290 | Vaults:4 | Gained mutation: Your mind is acute. (Int +2) [potion of
                  | mutation]
 47290 | Vaults:4 | Gained mutation: You are robust. (+10% HP) [potion of
                  | mutation]
 47331 | Vaults:4 | Lost mutation: Your spells are a little easier to cast, but
                  | a little less powerful. [potion of mutation]
 47331 | Vaults:4 | Gained mutation: You tend to lose your temper in combat.
                  | [potion of mutation]
 47331 | Vaults:4 | Gained mutation: You evolve. [potion of mutation]
 47536 | Vaults:5 | Entered Level 5 of the Vaults
 47937 | Vaults:5 | Noticed an ancient lich
 48158 | Vaults:4 | Gained mutation: You are agile. (Dex +2) [evolution]
 48415 | Vaults:5 | Killed an ancient lich
 48415 | Vaults:5 | Reached skill level 27 in Polearms
 48619 | Vaults:5 | Reached XP level 23. HP: 90/215 MP: 4/32
 49129 | Vaults:5 | HP: 10/215 [poisoned by a tengu reaver (bolt of poison)]
 49679 | Vaults:5 | Found the +2 pair of boots of the Assassin {Detection Stab+
                  | Stlth++}
 49922 | Vaults:5 | Identified the ring of Yjaish {+Fly rPois rC+ rCorr Str+3}
                  | (You found it on level 5 of the Vaults)
 50531 | Vaults:5 | Identified the +6 halberd "Plog" {drain, Int+4} (You
                  | acquired it on level 5 of the Vaults)
 51108 | Vaults:5 | Paralysed by a floating eye for 3 turns
 51522 | Vaults:5 | Got a silver rune of Zot
 51814 | Depths:1 | Entered Level 1 of the Depths
 51815 | Depths:1 | Found Ylala's Antique Armour Shoppe.
 52049 | Depths:1 | Noticed a juggernaut
 52061 | Depths:1 | Killed a juggernaut
 52061 | Depths:1 | Reached XP level 24. HP: 187/224 MP: 27/33
 52490 | Depths:1 | Found a gateway to Hell.
 52566 | Depths:1 | Found a shimmering blue altar of Sif Muna.
 52611 | Depths:1 | Lost mutation: Your mind is acute. (Int +2) [evolution]
 52651 | Depths:1 | Found a gateway to a ziggurat.
 52712 | Depths:1 | Found Mapsek's Assorted Antiques.
 52719 | Depths:1 | Bought a scroll of brand weapon for 860 gold pieces
 52722 | Depths:1 | Found Liudghea's Magic Scroll Emporium.
 52722 | Depths:1 | Noticed Asterion
 52730 | Depths:1 | Killed Asterion
 52914 | Depths:1 | Found Umump's Jewellery Boutique.
 52917 | Depths:1 | Bought a cursed ring of teleportation for 58 gold pieces
 53533 | Elf:1    | Entered Level 1 of the Elven Halls
 53918 | Elf:1    | Identified the Papyrus of Confrontation and Calling
 54003 | Elf:1    | Reached skill level 15 in Invocations
 54209 | Elf:1    | Found Nuwuikhli's Book Shop.
 54875 | Elf:2    | Found a ruined gateway.
 54899 | Desolati | Entered the Desolation of Salt
 55229 | Desolati | Got a pair of warped gloves
 55231 | Desolati | Identified Wanipah's Tome of Supportive Transmutation
 55357 | Desolati | Identified the +1 pair of gloves "Dockina" {Stlth+} (You
                  | found it in the Desolation of Salt)
 55552 | Desolati | Got a scorched platinum ring
 55554 | Desolati | Got a shimmering tin ring
 55560 | Desolati | Got a glittering lapis lazuli ring
 55564 | Desolati | Identified the ring "Yrautrea" {Ice +Fly rPois rN+ SInv}
                  | (You found it in the Desolation of Salt)
 55565 | Desolati | Identified the ring "Siqoapn" {Wiz MR+ Str+2} (You found it
                  | in the Desolation of Salt)
 55566 | Desolati | Identified the ring "Weegeofe" {rF+ rN+} (You found it in
                  | the Desolation of Salt)
 55859 | Desolati | Identified the +2 crystal plate armour of the Barnacle
                  | {rN+} (You found it in the Desolation of Salt)
 56330 | Elf:2    | Found a runed translucent gate.
 56330 | Elf:2    | Found a runed translucent gate.
 56330 | Elf:2    | Found a runed translucent gate.
 56481 | Elf:2    | Reached XP level 25. HP: 231/231 MP: 35/35
 57043 | Elf:3    | Entered Level 3 of the Elven Halls
 57121 | Elf:3    | Found a frozen archway.
 57130 | IceCv    | Entered an ice cave
 57947 | Elf:3    | Identified the +2 plate armour of the Dungeon {MR++}
 57947 | Elf:3    | Noticed Mara
 57972 | Elf:3    | Noticed Kae's illusion
 57976 | Elf:3    | Killed Mara
 58041 | Elf:3    | Cast into level 2 of the Abyss (deep elf demonologist)
 58693 | Abyss:2  | Gained mutation: Your spells are a little easier to cast,
                  | but a little less powerful. [a neqoxec]
 58708 | Abyss:2  | Paralysed by accursed screaming for 1 turns
 58762 | Elf:3    | Escaped the Abyss
 59315 | Elf:3    | Identified the +3 war axe of the Ghost {venom, *Slow rC+
                  | MR+ SInv}
 59530 | Elf:3    | Identified the +1 robe "Faagakoa" {+Fly rF+ rN+ Int+2}
 60518 | Lair:4   | Killed darksquall's ghost
 60841 | Shoals:4 | Killed Ge0ff's ghost
 61004 | Shoals:4 | Killed Roxanne
 61041 | Shoals:4 | Reached XP level 26. HP: 206/239 MP: 34/36
 61428 | Crypt:1  | Entered Level 1 of the Crypt
 61737 | Crypt:1  | Noticed an ancient lich
 61754 | Crypt:1  | Killed an ancient lich
 63277 | Crypt:3  | Entered Level 3 of the Crypt
 63654 | Crypt:3  | Noticed an ancient lich
 63667 | Crypt:3  | Killed an ancient lich
 63739 | Crypt:3  | Identified Lojyoloe's Disquisition on Evil
 63758 | Crypt:3  | Identified the amulet of the Salamander {+Blink MR+ Regen+}
                  | (You found it on level 3 of the Crypt)
 64468 | Crypt:3  | Found a staircase to the Tomb.
 64700 | Crypt:3  | Found the +8 glaive of the Guard {elec, +Rage AC+5 SInv}
 65339 | Depths:2 | Gained mutation: Your magical capacity is low. (-10% MP) [a
                  | shining eye]
 65626 | Depths:2 | Noticed a juggernaut
 65634 | Depths:2 | Killed a juggernaut
 65634 | Depths:2 | Reached XP level 27. HP: 250/250 MP: 33/33
 65800 | Depths:2 | Gained mutation: You have a beak for a mouth. [evolution]
 65856 | Depths:2 | Found a one-way gate leading to the halls of Pandemonium.
 65912 | Depths:2 | Got a scintillating marble ring
 66741 | Depths:3 | Identified Wumum's Catalogue of Hurtful Talismans
 66795 | Depths:3 | Identified the ring of Tiowuikk {Fire MR+ Slay+5} (You
                  | found it on level 2 of the Depths)
 66944 | Depths:3 | Found a transporter.
 66947 | Depths:3 | Found a transporter.
 66947 | Depths:3 | Found a corrupted altar of Lugonu.
 67253 | Depths:3 | Found a one-way gate to the infinite horrors of the Abyss.
 67574 | Depths:4 | Found a sparkling altar of Nemelex Xobeh.
 67574 | Depths:4 | Found a shimmering blue altar of Sif Muna.
 67575 | Depths:4 | Found a sparkling altar of Nemelex Xobeh.
 69048 | Depths:5 | Entered Level 5 of the Depths
 69048 | Depths:5 | Found Niupat Niehu's Antique Weapon Shop.
 69842 | Depths:5 | Found a gate to the Realm of Zot.
 70039 | Depths:5 | Found the +12 Vampire's Tooth {vamp}
 70149 | Depths:5 | Upgraded the game from 0.24-a0-537-g2d01d4ab0a to
                  | 0.24-a0-549-g45f0056d81
 70154 | Zot:1    | Entered Level 1 of the Realm of Zot
 71115 | Zot:1    | Lost mutation: You are agile. (Dex +2) [potion of mutation]
 71115 | Zot:1    | Lost mutation: Your magical capacity is low. (-10% MP)
                  | [potion of mutation]
 71115 | Zot:1    | Lost mutation: Your spells are a little easier to cast, but
                  | a little less powerful. [potion of mutation]
 71116 | Zot:1    | Lost mutation: You tend to lose your temper in combat.
                  | [potion of mutation]
 71116 | Zot:1    | Lost mutation: You evolve. [potion of mutation]
 71116 | Zot:1    | Lost mutation: You have a beak for a mouth. [potion of
                  | mutation]
 71116 | Zot:1    | Gained mutation: You are weak. (Str -2) [potion of
                  | mutation]
 71116 | Zot:1    | Gained mutation: You are somewhat resistant to further
                  | mutation. [potion of mutation]
 71718 | Zot:2    | Identified the +4 dragonskin cloak
 71718 | Zot:2    | Noticed Tiamat
 72308 | Zot:2    | Killed Tiamat
 73439 | Zot:3    | Found a transporter.
 74061 | Zot:3    | Found a transporter.
 74382 | Zot:3    | Got a glittering iron amulet
 74400 | Zot:3    | Got a fine amber ring
 74404 | Zot:3    | Identified the amulet "Caor" {Spirit +Fly MR- Str+2} (You
                  | found it on level 3 of the Realm of Zot)
 74405 | Zot:3    | Identified the ring "Vekky" {Int+2 Stlth+} (You found it on
                  | level 3 of the Realm of Zot)
 74677 | Zot:4    | Reached skill level 27 in Fighting
 74885 | Zot:4    | Reached skill level 15 in Armour
 76309 | Zot:5    | Entered Level 5 of the Realm of Zot
 76974 | Zot:5    | Noticed an orb of fire
 76976 | Zot:5    | Noticed an orb of fire
 76978 | Zot:5    | Noticed an orb of fire
 76980 | Zot:5    | Noticed an orb of fire
 76983 | Zot:5    | Killed an orb of fire
 76985 | Zot:5    | Noticed an ancient lich
 76986 | Zot:5    | Gained mutation: You possess an exceptional clarity of
                  | mind. [an orb of fire]
 76986 | Zot:5    | Gained mutation: Armour fits poorly on your strangely
                  | shaped body. [an orb of fire]
 76988 | Zot:5    | Noticed an orb of fire
 76992 | Zot:5    | Gained mutation: Your spells are a little easier to cast,
                  | but a little less powerful. [an orb of fire]
 76993 | Zot:5    | Killed an orb of fire
 76999 | Zot:5    | Lost mutation: You possess an exceptional clarity of mind.
                  | [an orb of fire]
 77007 | Zot:5    | Noticed an orb of fire
 77007 | Zot:5    | Killed an orb of fire
 77034 | Zot:5    | HP: 8/273 [Orb Guardian (21)]
 77034 | Zot:5    | HP: 1/273 [Orb Guardian (7)]
 77037 | Zot:5    | Mangled by an Orb Guardian

Levels and vault maps discovered:
D:1:      roderic_crossed_star, layout_loops_ring
D:2:      layout_basic, kiku_gazebo_pond_becter, nemelex_altar_shiori,
          chequers_ecumenical_altar_simple, kennysheep_generic_room_15
D:3:      minmay_wonky_spiral, layout_loops_cross, first_ration, serial_glass,
          glass_columns_a, glass_columns_b, item_on_display_a, feat_on_display,
          due_unseen_surprise
D:4:      layout_basic, minmay_ogre_servants
D:5:      layout_rooms, uniq_eustachio
D:6:      layout_layer_cave, zin_statuary, minmay_temple_entry_butterflies,
          gup_ossuary_entry_pyramid, minmay_misc_feat_plants, uniq_sigmund
D:7:      layout_rooms, dancing_weapons_uskayaw, serial_shops, shop, the_bakery,
          uniq_duvessa, uniq_joseph, uniq_prince_ribbit1
D:8:      layout_basic, uniq_gastronok
D:9:      layout_cave_pods, erik_lair_orcish_takeover, orc_0_dummy,
          nicolae_qazlal_eye_of_the_storm
D:10:     layout_cave_pools, serial_gnoll_camp, gnoll_camp_mini_doghouse,
          gnoll_camp_medium_01, gnoll_camp_mini_loothouse, gnoll_camp_mini_shop,
          gnoll_camp_huts_moat, basic_altar
D:11:     layout_cave_pools, columned_hall_lemuel, uniq_maurice
D:12:     layout_roguey
D:13:     layout_gridville, hangedman_vaults_entry_quadrant_bands, serial_shops,
          nicolae_shop_temple_entry_statues_fountains, uniq_erolcha
D:14:     layout_stronghold, solitary_fountain, lemuel_hellish_altar
D:15:     hangedman_depths_entry_try_elsewhere_first, layout_basic,
          serial_bayou_lagoon_a, nicolae_blasting_shop, lemuel_altar_in_water
Temple:   dpeg_five_rooms_temple
Lair:1:   layout_loops_ring, kennysheep_rathole
Lair:2:   layout_cave_pods, special_room [special_room_bee],
          serial_bayou_shore_b, uniq_fannar
Lair:3:   layout_cave_pods, guppyfry_snake_entry_garden
Lair:4:   layout_regular_city, shoals_dummy_entry, gammafunk_ghost_necromancy,
          serial_bayou_shore_a, uniq_rupert
Lair:5:   layout_loops_ring, minmay_slime_entry_eyes, serial_bayou_pond_b,
          chequers_serial_rivers_micro_d
Lair:6:   evilmike_catoblepas_cave, layout_cave_pods, gauntlet_entry_generic,
          grunt_megastairs_5, uniq_sonja
Shoals:1: layout_shoals, argonaut_gorgonesque
Shoals:2: layout_shoals, serial_shops, shop
Shoals:3: cheibrodos_shoals_oceanic_diplomacy, layout_shoals, lightli_airlock
Shoals:4: shoals_end_grunt_ice, layout_shoals, serial_shops, shop,
          ebering_ghost_disaster_area, uniq_roxanne
Snake:1:  layout_layer_cave
Snake:2:  layout_rooms, serial_shops, shop, uniq_donald, uniq_jorgrun
Snake:3:  layout_misc_corridors, grunt_ministairs_6,
          nrook_guardian_serpent_ordinary, grunt_megastairs_2, minmay_shop_star,
          uniq_bai_suzhen
Snake:4:  snake_pit_salamanders_mu, layout_concentric_octagons,
          nrook_guardian_serpent_double, minmay_shop_grove
Orc:1:    layout_diamond_mine, serial_shops, shop, shop, uniq_urug,
          uniq_josephine
Orc:2:    pubby_orc_utopia, serial_shops
Elf:1:    elf_arrival_002, layout_onion_city, serial_shops, shop_fountains,
          minmay_elf_sorcery, drop_trap
Elf:2:    layout_rooms, portal_desolation_entry_twin_temple,
          serial_corexii_hall, chequers_hall_statues_y,
          chequers_hall_statues_wall_a, corexii_hall_statues_t,
          chequers_hall_statues_corner_a
Elf:3:    grunt_elf_hall_spiral, layout_gridlike,
          portal_ice_cave_entry_ugly_swarm, serial_corexii_hall,
          corexii_hall_statues_x, chequers_hall_statues_y, uniq_mara
Vaults:1: nicolae_vaults_shelves_hall, v_alt_pattern_4, v_rooms_5,
          nicolae_vaults_triangles, nicolae_vaults_little_squares_5,
          grunt_vaults_hallway_long, nicolae_vaults_gold_heap,
          ontoclasm_vaults_tryst, ontoclasm_vaults_loading_screen,
          vaults_room_semicircle, v_pattern_5, vaults_dpeg_encased_lava,
          layout_vaults_omnibox, serial_shops, shop
Vaults:2: vaults_room_octagon, vaults_room_corners, grunt_vaults_focal,
          layout_vaults_omnigrid, serial_shops, shop
Vaults:3: hangedman_vaults_river_flow, nicolae_vaults_twisting_passages,
          st_diamondy, v_misc_27, nicolae_vaults_alarming,
          nicolae_vaults_rhombus_5, minmay_crypt_entry_vampire_xt,
          v_alt_pattern_2, vaults_room_grid, hangedman_vaults_snaps,
          vaults_room_large_hall, ontoclasm_vaults_pinch,
          ontoclasm_vaults_decontamination, layout_vaults_ring, serial_shops,
          shop, shop
Vaults:4: nicolae_vaults_arrows, hangedman_vaults_slither,
          ontoclasm_vaults_spin, ontoclasm_vaults_ring_square,
          nicolae_vaults_border_crossing, v_misc_4, nicolae_vaults_rhombus_5,
          vaults_room_fancy_cross, vaults_room_semicircle,
          hangedman_vaults_trim, layout_vaults_chaotic_city
Vaults:5
Crypt:1:  layout_regular_city
Crypt:2:  hangedman_screamer, layout_gridlike
Crypt:3:  due_elkab, layout_chaotic_city, minivault_27
Depths:1: kennysheep_room_grid, layout_honeycomb, enter_ziggurat_c,
          hangedman_coc_ice_floe, serial_shops, nicolae_shop_waterfront, shop,
          nicolae_shop_crystal, kennysheep_mini_moat, lemuel_round_altar,
          minmay_misc_feat_x, dk_noncrumbling_3, uniq_asterion
Depths:2: minmay_broken_ring, layout_basic, rand_demon_pan_entry_5, hell_entry,
          minmay_stone_trees_medium, infiniplex_staircase_hallway_doors
Depths:3: gammafunk_corrupted_shrine, layout_cave_pools, pan_entry,
          hangedman_abyss_or_decor_stagger, marbit_kobold_abyss_entry,
          hell_entry
Depths:4: hangedman_slaughterboxes, abyss_entry, hell_entry, serial_shops
Depths:5: grunt_zot_entry_bicorn, layout_gridlike, serial_shops,
          nicolae_shop_crystal, minmay_misc_feat_cross, hell_entry,
          minmay_guarded_unrand_vampires_tooth
Zot:1:    layout_twisted_circle
Zot:2:    layout_onion_interference, uniq_tiamat
Zot:3:    gammafunk_its_a_trap, layout_concentric_octagons, st_stairs_4
Zot:4:    grunt_deathspiral_small, layout_cathedral_of_symmetry
Zot:5:    layout_cathedral_of_symmetry

Skill      XL: |  1  2  3  4  5  6  7  8  9 10 11 12 13 14 15 16 17 18 19 20 21 22 23 24 25 26 27 |
---------------+----------------------------------------------------------------------------------+-----
Polearms       | 5 6 7 8 10 12 14 17 20 22 25 26 27 | 27.0
Dodging        | 5 6 9 10 12 13 15 16 20 22 24 25 | 25.0
Fighting       | 3 8 9 10 13 15 16 19 20 21 27 | 27.0
Invocations    | 8 10 12 13 16 19 20 | 20.7
Evocations     | 2 5 8 |  8.0
Armour         | 2 6 10 18 | 18.2
Throwing       | 8 |  8.0
Stealth        | 3 |  3.9
Spellcasting   | 2 |  2.9
Ice Magic      | 12 15 | 15.0

Action                   |  1- 3 |  4- 6 |  7- 9 | 10-12 | 13-15 | 16-18 | 19-21 | 22-24 | 25-27 || total
-------------------------+-------+-------+-------+-------+-------+-------+-------+-------+-------++-------
Melee: Trident           |   105 |   207 |   595 |   403 |    24 |    34 |       |       |       ||  1368
       Glaive            |       |       |       |   472 |  1637 |   146 |       |       |  2221 ||  4476
       Tailslap          |       |       |       |     6 |     8 |    39 |       |       |       ||    53
       Bardiche          |       |       |       |       |       |  1304 |   991 |  1646 |  1408 ||  5349
       Peck              |       |       |       |       |       |       |       |       |   303 ||   303
Throw: Throwing net      |       |     1 |       |     1 |     1 |       |       |       |       ||     3
Invok: Lesser Servant of |       |       |       |     8 |     8 |     1 |     1 |     1 |     1 ||    20
       Greater Servant o |       |       |       |       |       |       |     1 |     2 |     8 ||    11
       Major Destruction |       |       |       |       |       |       |       |       |     1 ||     1
 Abil: Evoke Berserk Rag |       |       |       |       |       |       |       |       |     1 ||     1
Evoke: Wand              |       |       |       |     1 |     3 |     3 |       |     1 |     7 ||    15
  Use: Scroll            |       |     8 |     7 |    10 |    12 |    19 |     6 |    28 |    28 ||   118
       Potion            |       |       |     3 |     2 |     2 |     4 |     1 |     4 |     5 ||    21
 Stab: Sleeping          |     3 |     1 |     3 |     1 |     9 |       |       |       |       ||    17
       Held in net/web   |       |       |       |     1 |       |       |       |       |       ||     1
       Distracted        |       |       |       |     6 |     5 |       |       |     4 |     5 ||    20
       Confused          |       |       |       |       |       |    11 |     8 |       |       ||    19
       Petrifying        |       |       |       |       |       |     5 |     8 |       |       ||    13
       Paralysed         |       |       |       |       |       |     7 |     1 |       |       ||     8
  Eat: Chunk             |       |     7 |    12 |    21 |    35 |    32 |    14 |    20 |    40 ||   181
       Ration            |       |       |       |     2 |       |     4 |     2 |     5 |     9 ||    22
Armor: Leather armour    |    25 |    26 |    72 |   135 |   234 |    26 |       |       |       ||   518
       Chain mail        |       |       |       |       |       |   520 |   420 |   307 |       ||  1247
       Crystal plate arm |       |       |       |       |       |       |       |   491 |  2133 ||  2624
       Skin              |       |       |       |       |       |       |       |     3 |       ||     3
       Storm dragon scal |       |       |       |       |       |       |       |     2 |       ||     2
Dodge: Dodged            |    57 |   115 |   236 |   643 |  1153 |  1180 |   773 |   960 |  2472 ||  7589

Table legend:
 A = Non-vault XP
 B = Vault XP
 C = Vault XP percentage of total XP
 D = Non-vault monster count
 E = Vault monster count
 F = Vault count percentage of total count
                 A         B        C        D         E       F
            +---------+---------+-------+---------+---------+-------
      Total |  893587 |  939638 |  51.3 |    1576 |    1235 |  43.9
            +---------+---------+-------+---------+---------+-------
        D:1 |      23 |       0 |   0.0 |      12 |       0 |   0.0
        D:2 |      80 |       4 |   4.8 |      19 |       2 |   9.5
        D:3 |      53 |      30 |  36.1 |      21 |       3 |  12.5
        D:4 |     534 |     128 |  19.3 |      14 |       9 |  39.1
        D:5 |     477 |     182 |  27.6 |      26 |       1 |   3.7
        D:6 |     940 |     229 |  19.6 |      28 |       2 |   6.7
        D:7 |    1421 |    2923 |  67.3 |      18 |       7 |  28.0
        D:8 |    4685 |    2628 |  35.9 |      44 |       8 |  15.4
        D:9 |    1171 |     201 |  14.7 |      23 |       2 |   8.0
       D:10 |    2458 |    1189 |  32.6 |      26 |      43 |  62.3
       D:11 |    4817 |     472 |   8.9 |      31 |       1 |   3.1
       D:12 |    7343 |       0 |   0.0 |      34 |       0 |   0.0
       D:13 |    8118 |    4503 |  35.7 |      45 |      21 |  31.8
       D:14 |    7308 |       0 |   0.0 |      31 |       0 |   0.0
       D:15 |    6879 |    2966 |  30.1 |      16 |       4 |  20.0
     Lair:1 |    2309 |     148 |   6.0 |       9 |       9 |  50.0
     Lair:2 |    2257 |    2612 |  53.6 |      12 |      26 |  68.4
     Lair:3 |    5287 |     434 |   7.6 |      24 |       3 |  11.1
     Lair:4 |    6905 |    6115 |  47.0 |      35 |       9 |  20.5
     Lair:5 |   11173 |    3082 |  21.6 |      37 |      10 |  21.3
     Lair:6 |   14740 |   13034 |  46.9 |      43 |      28 |  39.4
   Shoals:1 |   16615 |    3473 |  17.3 |      33 |       7 |  17.5
   Shoals:2 |   17656 |       0 |   0.0 |      36 |       0 |   0.0
   Shoals:3 |    8409 |   10327 |  55.1 |      14 |      21 |  60.0
   Shoals:4 |   10752 |   28747 |  72.8 |      26 |      35 |  57.4
    Snake:1 |   10188 |       0 |   0.0 |      27 |       0 |   0.0
    Snake:2 |   11790 |    4971 |  29.7 |      21 |       2 |   8.7
    Snake:3 |    1334 |   10107 |  88.3 |       4 |      11 |  73.3
    Snake:4 |   17703 |   45372 |  71.9 |      40 |      73 |  64.6
      Orc:1 |    2344 |    2235 |  48.8 |      29 |       5 |  14.7
      Orc:2 |       0 |   23068 | 100.0 |       0 |     150 | 100.0
      Elf:1 |   14652 |   10319 |  41.3 |      26 |      16 |  38.1
      Elf:2 |   19063 |   24060 |  55.8 |      33 |      28 |  45.9
      Elf:3 |   25142 |   51025 |  67.0 |      40 |      35 |  46.7
   Vaults:1 |   27188 |    8179 |  23.1 |      46 |      22 |  32.4
   Vaults:2 |   37654 |    1069 |   2.8 |      62 |       1 |   1.6
   Vaults:3 |   22015 |   32849 |  59.9 |      35 |      45 |  56.2
   Vaults:4 |   42820 |   79836 |  65.1 |      57 |      97 |  63.0
   Vaults:5 |   18177 |  113904 |  86.2 |      26 |      75 |  74.3
    Crypt:1 |   26216 |       0 |   0.0 |      34 |       0 |   0.0
    Crypt:2 |   25254 |   19450 |  43.5 |      31 |      32 |  50.8
    Crypt:3 |   12759 |   51898 |  80.3 |      19 |      58 |  75.3
   Depths:1 |   43952 |   20355 |  31.7 |      48 |      14 |  22.6
   Depths:2 |   16843 |   23010 |  57.7 |      23 |      17 |  42.5
   Depths:3 |   35676 |     574 |   1.6 |      51 |       3 |   5.6
   Depths:4 |       0 |  121522 | 100.0 |       0 |      92 | 100.0
   Depths:5 |   53564 |   36307 |  40.4 |      61 |      22 |  26.5
      Zot:1 |   61100 |       0 |   0.0 |      39 |       0 |   0.0
      Zot:2 |   35450 |   22555 |  38.9 |      22 |      11 |  33.3
      Zot:3 |   52143 |   12773 |  19.7 |      31 |       9 |  22.5
      Zot:4 |   73780 |   49056 |  39.9 |      43 |      26 |  37.7
      Zot:5 |   40576 |   41543 |  50.6 |      21 |      10 |  32.3
    Abyss:2 |   23794 |    1781 |   7.0 |      50 |       3 |   5.7
    Ossuary |       0 |     425 | 100.0 |       0 |      31 | 100.0
      IceCv |       0 |    6853 | 100.0 |       0 |      30 | 100.0
 Desolation |       0 |   41115 | 100.0 |       0 |      66 | 100.0
            +---------+---------+-------+---------+---------+-------
